 Seeded DCSS version 0.29-a0-82-g837932c90e (webtiles) character file.

Game seed: 10000000000011 (custom seed)

282 knot the Chopper (level 6, 0/70 HPs)
             Began as a Demonspawn Berserker on Feb 5, 2022.
             Was a Believer of Trog.
             Slain by Ijyb (6 damage)
             ... on level 4 of the Dungeon.
             The game lasted 00:01:58 (3845 turns).

knot the Chopper (Demonspawn Berserker)             Turns: 3845, Time: 00:01:58

Health: 0/70       AC:  2    Str: 17    XL:     6   Next: 6%
Magic:  6/6        EV: 12    Int: 11    God:    Trog [**....]
Gold:   109        SH:  5    Dex: 12    Spells: 5/5 levels left

rFire   . . .      SeeInvis .   a - +0 hand axe
rCold   . . .      Faith    .   (no shield)
rNeg    . . .      Spirit   .   b - +0 animal skin
rPois   .          Reflect  +   (no helmet)
rElec   .          Harm     .   (no cloak)
rCorr   .          Rampage  .   (no gloves)
Will    .....                   (no boots)
Stlth   ..........              d - amulet of reflection
HPRegen 0.21/turn               (no ring)
MPRegen 0.20/turn               (no ring)

@: berserking, lethally poisoned (0 -> -3), very quick
A: magic regeneration, demonic touch 2
a: Renounce Religion, Berserk, Trog's Hand


You were on level 4 of the Dungeon.
You worshipped Trog.
Trog was pleased with you.
You visited 1 branch of the dungeon, and saw 4 of its levels.

You collected 109 gold pieces.

Inventory:

Hand Weapons
 a - a +0 hand axe (weapon)
Missiles
 f - 91 stones (quivered)
 l - 2 poisoned darts
Armour
 b - a +0 animal skin (worn)
Jewellery
 d - an amulet of reflection (around neck)
Wands
 o - a wand of polymorph (4)
Scrolls
 c - a scroll of amnesia {unknown}
 h - a scroll of identify {unknown}
 m - 2 scrolls of blinking {unknown}
 n - a scroll of fog {unknown}
Potions
 e - a potion of curing {unknown}
 g - a potion of lignification {unknown}
 i - a potion of heal wounds {unknown}
 j - a potion of might {unknown}
 k - a potion of magic {unknown}


   Skills:
 - Level 3.0 Fighting
 + Level 6.2 Axes
 - Level 1.7 Armour
 - Level 1.7 Dodging


You had 5 spell levels left.
You didn't know any spells.
Your spell library contained the following spells:

 Spells                   Type           Power      Damage    Failure   Level
 Corpse Rot               Necr/Air       0%         N/A       47%         2
 Ensorcelled Hibernation  Hex/Ice        0%         N/A       47%         2
 Passwall                 Tmut/Erth      0%         N/A       47%         2
 Poisonous Vapours        Pois/Air       0%         N/A       47%         2
 Swiftness                Air            0%         N/A       71%         3


Dungeon Overview and Level Annotations

Branches:
Dungeon (4/15)             Temple (0/1) D:4

Altars:

Shops:
D:3 [

Annotations:
D:4 Dowan, Ijyb


Innate Abilities, Weirdness & Mutations

You regenerate magic rapidly.
Your touch may inflict irresistible damage on your foes.


Message History

Ijyb screams, "Get away!"
Duvessa misses you.
A red film seems to cover your vision as you go berserk!
You feel yourself moving faster!
You feel mighty! You block Duvessa's attack.
You completely miss Duvessa. Duvessa stings you.
You are poisoned.
Duvessa poisons you!
You slash Duvessa!
Duvessa is almost dead.
You feel very sick. Duvessa stings you.
* * * LOW HITPOINT WARNING * * *
You slash Duvessa!
You kill Duvessa!
Trog accepts your kill.
Dowan seems to find hidden reserves of power!
Duvessa returns to her original shape as she dies.
You feel sick.
Your life force feels restored.
Your Axes skill increases to level 6!
You have reached level 6!
Your demonic ancestry asserts itself...
Your hands glow brighter with unholy energy.
You slash the adder!
You kill the adder!
Trog accepts your kill.
You feel sick.
Ijyb zaps a wand.
You resist with some effort.
You feel sick.
Items here: )) [ †††.
You hit Ijyb.
Ijyb is lightly wounded.
You feel sick.
You hit Ijyb.
Ijyb is moderately wounded.
You feel sick. Ijyb hits you with a +0 club.
* * * LOW HITPOINT WARNING * * *
You hit Ijyb but do no damage.
Ijyb is moderately wounded.
You feel sick. Ijyb hits you with a +0 club.
You die...

#########
.......>#####################
............@gr............r#
....>...###################..
......>.#......#### #####
#######............ #....
##÷..<...## #....
...####).......# #....
#.....)######.# ###....
######.## #.# #.).... #..#
#.# ##..##...


You could see Ijyb and Dowan the quokka (fast).

Vanquished Creatures
  An ogre (D:3)
  A scorpion (D:4)
  An orc priest (D:4)
  5 adders
  2 orcs (D:4)
  5 endoplasms
  2 giant cockroaches
  5 goblins
  5 hobgoblins
  14 jackals
  2 ball pythons
  7 bats
  5 frilled lizards
  3 kobolds
  5 rats
63 creatures vanquished.

Notes
Turn   | Place    | Note
-------+----------+-------------------------------------------
     0 | D:1      | knot the Demonspawn Berserker began the quest for the Orb.
     0 | D:1      | Reached XP level 1. HP: 18/18 MP: 1/1
   101 | D:1      | Reached skill level 3 in Axes
   259 | D:1      | Gained mutation: You regenerate magic rapidly. [demonic
                  | ancestry]
   259 | D:1      | Reached XP level 2. HP: 24/24 MP: 2/2
  1520 | D:2      | Reached skill level 4 in Axes
  1520 | D:2      | Gained mutation: Your touch may inflict minor irresistible
                  | damage on your foes. [demonic ancestry]
  1520 | D:2      | Reached XP level 3. HP: 16/29 MP: 3/3
  2046 | D:2      | Reached ** piety under Trog
  2159 | D:2      | Reached XP level 4. HP: 21/35 MP: 4/4
  2961 | D:3      | Noticed an ogre
  2970 | D:3      | Killed an ogre
  2971 | D:3      | Reached skill level 5 in Axes
  2971 | D:3      | Reached XP level 5. HP: 41/41 MP: 5/5
  3190 | D:3      | Found Daocsar's Antique Armour Emporium.
  3772 | D:4      | Found a staircase to the Ecumenical Temple.
  3792 | D:4      | Noticed Duvessa
  3792 | D:4      | Noticed Dowan
  3795 | D:4      | Noticed Dowan
  3795 | D:4      | Dowan changed into Dowan the quokka
  3798 | D:4      | Noticed Ijyb
  3836 | D:4      | Noticed Duvessa
  3836 | D:4      | Duvessa changed into Duvessa the scorpion
  3840 | D:4      | Killed Duvessa the scorpion
  3841 | D:4      | Reached skill level 6 in Axes
  3841 | D:4      | Gained mutation: Your touch may inflict irresistible damage
                  | on your foes. [demonic ancestry]
  3841 | D:4      | Reached XP level 6. HP: 14/47 MP: 6/6
  3845 | D:4      | Slain by Ijyb

Illustrated notes

Levels and vault maps discovered:
D:1:      lordsloth_arrival_two_stooges, layout_basic, grunt_decor_fettered,
          minmay_misc_feat_diagonals, nicolae_concentric_dashed_squares_wild
D:2:      layout_rooms, hangedman_decor_clover_reticule
D:3:      layout_basic, serial_shops, shop, kennysheep_path_1
D:4:      layout_rooms, temple_doors_e, uniq_duvessa, uniq_ijyb

Skill      XL: |  1  2  3  4  5 |
---------------+----------------+-----
Axes           | 3 4 5 6 |  6.2
Fighting       | |  3.0
Armour         | |  1.7
Dodging        | |  1.7

Action                   |  1- 3 |  4- 6 || total
-------------------------+-------+-------++-------
Melee: Hand axe          |    90 |    52 ||   142
       Punch             |     3 |     1 ||     4
       Touch             |     8 |     6 ||    14
Invok: Berserk           |     2 |     3 ||     5
Evoke: Wand              |       |     4 ||     4
 Stab: Sleeping          |     1 |       ||     1
Armor: Animal skin       |    19 |     5 ||    24
Dodge: Dodged            |    58 |    43 ||   101
Block: Other             |    17 |    18 ||    35
       Reflection        |       |     1 ||     1

Table legend: (Time is in decaauts)
 A = Elapsed time spent in this place.
 B = Non-inter-level travel time spent in this place.
 C = Inter-level travel time spent in this place.
 D = Time resting spent in this place.
 E = Time spent auto-exploring this place.
 F = Levels seen in this place.
 G = Mean time per level.
                   A        B        C        D        E       F      G
               +--------+--------+--------+--------+--------+-----+--------+
         Total |   3887 |   3832 |     55 |   1645 |   1811 |   4 |  971.8 |
       Dungeon |   3887 |   3832 |     55 |   1645 |   1811 |   4 |  971.8 |
               +--------+--------+--------+--------+--------+-----+--------+

Top non-repeatable levels by time:
     D:1: 1525 daAuts
     D:2: 1358 daAuts
     D:3: 707 daAuts
     D:4: 296 daAuts
